 Dungeon Crawl Stone Soup version 0.31-a0-557-g6e16503903 (webtiles) character file.

Game seed: 16952975198426046282

152 Arcadio the Caller (level 5, -6/28 HPs)
             Began as a Deep Elf Summoner on Aug 16, 2023.
             Mangled by a sleepcap (21 damage)
             ... on level 3 of the Dungeon.
             The game lasted 00:06:40 (3357 turns).

Arcadio the Caller (Deep Elf Summoner)              Turns: 3357, Time: 00:06:40

Health: -6/28      AC:  2    Str:  5    XL:     5   Next: 11%
Magic:  12/14      EV:  2    Int: 22    God:
Gold:   219        SH:  0    Dex: 15    Spells: 4/13 levels left

rFire   . . .        d - +1 dagger
rCold   . . .        (no shield)
rNeg    . . .        a - +0 robe
rPois   .            (no helmet)
rElec   .            (no cloak)
rCorr   .            (no gloves)
SInv    .            (no boots)
Will    .....        (no amulet)
Stlth   ++           f - ring of flight
HPRegen 0.24/turn    (no ring)
MPRegen 0.14/turn

%: no passive effects
@: sleeping, flying
A: no striking features
a: no special abilities


You were on level 3 of the Dungeon.
You visited 1 branch of the dungeon, and saw 4 of its levels.

You collected 219 gold pieces.

Inventory:

Hand Weapons
 d - a +1 dagger (weapon)
Armour
 a - a +0 robe (worn)
Jewellery
 f - a ring of flight (left hand)
Wands
 l - a wand of mindburst (19)
 m - a wand of charming (9)
Scrolls
 g - a scroll of enchant weapon
 h - a scroll of revelation {unknown}
 j - a scroll of acquirement {unknown}
 o - a scroll of immolation {unknown}
Potions
 b - a potion of magic
 c - a potion of berserk rage {unknown}
 e - a potion of cancellation {unknown}
 i - 3 potions of curing {unknown}
 k - a potion of mutation {unknown}
 n - a potion of haste {unknown}
 p - a potion of attraction {unknown}
 q - a potion of might {unknown}


   Skills:
 + Level 4.2 Dodging
 - Level 2.4 Stealth
 + Level 4.7 Spellcasting
 + Level 5.4 Summonings


You had 4 spell levels left.
You knew the following spells:

 Your Spells              Type           Power      Damage    Failure   Level
a - Summon Small Mammal   Summ           100%       N/A       1%          1
b - Call Imp              Summ           58%        N/A       1%          2
c - Call Canine Familiar  Summ           29%        N/A       3%          3
d - Summon Guardian Gole  Hex/Summ       17%        N/A       11%         3

Your spell library contained the following spells:

 Spells                   Type           Power      Damage    Failure   Level
 Magic Dart               Conj           20%        1d4       11%         1
 Searing Ray              Conj           10%        2d4       16%         2
 Ozocubu's Armour         Ice            5%         N/A       30%         3
 Summon Lightning Spire   Summ/Air       17%        N/A       34%         4
 Fulminant Prism          Conj/Hex       2%         3d5       71%         4
 Orb of Destruction       Conj           2%         9d5       100%        7
 Ozocubu's Refrigeration  Ice            2%         4d8       100%        7
 Spellforged Servitor     Conj/Summ      8%         N/A       100%        7


Dungeon Overview and Level Annotations

Branches:
Dungeon (4/15) Zot: 20638
 Temple: D:4-7

Altars:

Annotations:
D:4 Robin


Message History

Magic restored.
You start resting.
Your rat disappears in a puff of smoke!
HP restored.
You fly downwards.
Level annotation: Robin The sleepcap releases spores at you.
There is a stone staircase leading up, spattered with blood here.
The sleepcap releases spores at you.
Robin points. "Kill!"
You fly upwards.
There is a stone staircase leading down, spattered with blood here.
Casting: Summon Small Mammal (safe; 1% risk of failure)
Confirm with . or Enter, or press ? or * to list all spells.
A tiny devil pulls itself out of the air.
The sleepcap closely misses you.
Casting: Call Imp (safe; 1% risk of failure)
Confirm with . or Enter, or press ? or * to list all spells.
The sleepcap misses you.
Your cerulean imp hits the sleepcap but does no damage.
You hit the sleepcap but do no damage.
Your bat hits the sleepcap but does no damage.
The sleepcap closely misses you.
Your cerulean imp hits the sleepcap but does no damage.
You hit the sleepcap but do no damage.
Your bat hits the sleepcap but does no damage.
The sleepcap barely misses you.
Your cerulean imp hits the sleepcap but does no damage.
You hit the sleepcap but do no damage.
Your bat hits the sleepcap but does no damage.
The sleepcap completely misses you.
Your cerulean imp hits the sleepcap but does no damage.
You hit the sleepcap but do no damage. Your bat hits the sleepcap.
The sleepcap releases spores at you!
You are engulfed in a cloud of soporific spores!
You fall asleep.
Your cerulean imp hits the sleepcap with a -2 spear.
Your bat hits the sleepcap. The sleepcap releases spores at you!!
Ouch! That really hurt!
You die...

#......#####.......#...#
#......# #.......#...# ###
#......# #....<..##### #..
#......# #.......#######.#
#......# #...........(....
#[.....# #.......##....#.#
######## #.5.....##....#.#
##f......##....#.#
#@b.#.....'.......
##########†###...###....#.#
#...........###### #....#..
#............# #....###
#............# #....#
#............# ######
#....^.......##############
#..........................
#...........#...###########


You could see a sleepcap (ally target), a friendly cerulean imp (summoned) and a
friendly bat (summoned).

Vanquished Creatures
  2 dart slugs (D:1)
  An orc (D:3)
  An endoplasm (D:1)
  3 giant cockroaches
  5 goblins
  A hobgoblin (D:3)
  4 quokkas
  3 ball pythons
  2 bats (D:3)
  A frilled lizard (D:1)
  3 rats
26 creatures vanquished.

Vanquished Creatures (collateral kills)
  A hound (D:3)
  2 adders
  A worm (D:2)
  3 dart slugs
  3 orcs (D:3)
  2 endoplasms (D:3)
  A giant cockroach (D:1)
  8 goblins
  3 hobgoblins
  9 jackals
  5 kobolds
  4 quokkas
  4 ball pythons
  3 bats (D:1)
  4 rats
53 creatures vanquished.

Grand Total: 79 creatures vanquished

Notes
Turn   | Place    | Note
-------+----------+-------------------------------------------
     0 | D:1      | Arcadio the Deep Elf Summoner began the quest for the Orb.
     0 | D:1      | Reached XP level 1. HP: 10/10 MP: 6/6
    66 | D:1      | Reached XP level 2. HP: 8/15 MP: 2/8
   275 | D:1      | Reached XP level 3. HP: 19/19 MP: 8/10
   293 | D:1      | Learned a level 2 spell: Call Imp
   297 | D:1      | Learned a level 3 spell: Call Canine Familiar
   301 | D:1      | Learned a level 3 spell: Summon Guardian Golem
  1151 | D:2      | Reached skill level 5 in Summonings
  1570 | D:2      | Reached XP level 4. HP: 9/24 MP: 7/12
  2205 | D:3      | Found a faded altar of an unknown god.
  3022 | D:3      | Reached XP level 5. HP: 15/28 MP: 10/14
  3088 | D:4      | Noticed Robin
  3357 | D:3      | Mangled by a sleepcap

Illustrated notes

Levels and vault maps discovered:
D:1:      dpeg_arrival_tiny_c, layout_rooms,
          nicolae_concentric_dashed_squares_mild
D:2:      layout_basic
D:3:      layout_basic, dreamdust_ecumenical_altar_angels_and_demons
D:4:      layout_layer_cave, minmay_temple_entry_stoned_glass, uniq_duvessa,
          uniq_blork_the_orc, uniq_natasha, uniq_robin

Skill      XL: |  1  2  3  4 |
---------------+-------------+-----
Dodging        | 3 4 |  4.2
Spellcasting   | 4 |  4.7
Summonings     | 5 |  5.4
Stealth        | |  2.4

Action                     |  1- 3 |  4- 6 || total
---------------------------+-------+-------++-------
  Melee: Unarmed           |     4 |       ||     4
         Dagger            |   113 |    80 ||   193
         Punch             |     1 |       ||     1
   Cast: Summon Small Mamm |    24 |    15 ||    39
         Call Imp          |    11 |    20 ||    31
    Use: Scroll            |       |     1 ||     1
   Stab: Sleeping          |     1 |     2 ||     3
 Armour: Robe              |    25 |    19 ||    44
  Dodge: Dodged            |   119 |    86 ||   205

Table legend: (Time is in decaauts)
 A = Elapsed time spent in this place.
 B = Non-inter-level travel time spent in this place.
 C = Inter-level travel time spent in this place.
 D = Time resting spent in this place.
 E = Time spent auto-exploring this place.
 F = Levels seen in this place.
 G = Mean time per level.
                   A        B        C        D        E       F      G
               +--------+--------+--------+--------+--------+-----+--------+
         Total |   3360 |   3280 |     80 |    304 |   2314 |   4 |  840.0 |
       Dungeon |   3360 |   3280 |     80 |    304 |   2314 |   4 |  840.0 |
               +--------+--------+--------+--------+--------+-----+--------+

Top non-repeatable levels by time:
     D:2: 1274 daAuts
     D:3: 1188 daAuts
     D:1: 858 daAuts
     D:4: 39 daAuts
